 Dungeon Sprint DCSS version 0.21-a0-401-g0b6bec4 (webtiles) character file.

32995 theanonym the Warrior (level 13, 85/100 HPs)
             Began as a Gargoyle Fighter on Oct 21, 2017.
             Was the Champion of Makhleb.
             Quit the game in the Dungeon (Sprint V: "Ziggurat Sprint").
             The game lasted 00:11:25 (637 turns).

theanonym the Warrior (Gargoyle Fighter)             Turns: 637, Time: 00:11:26

Health: 85/100     AC: 36    Str: 36    XL:     13   Next: 68%
Magic:  21/21      EV:  7    Int:  8    God:    Makhleb [******]
Gold:   0          SH: 33    Dex:  7    Spells: 12/12 levels left

rFire    + . .     SeeInvis .   z - +6 shillelagh "Devastator" {shatter}
rCold    . . .     Gourm    .   B - +18 shield of the Gong {rElec rN+ MR+ EV-5}
rNeg     + + .     Faith    .   A - +15 Maxwell's patent armour {-Cast -Tele rElec MR+ rCorr}
rPois    ∞         Spirit   .   (no helmet)
rElec    +         Reflect  .   a - +2 cloak {MR+}
rCorr    +         Harm     .   l - +0 pair of gloves {archery}
MR       +++..     NoTele   +   (no boots) Stlth ..........NoCast +
                                (no amulet)
HPRegen  0.26/turn              x - +6 ring of strength
MPRegen  0.17/turn              y - +6 ring of strength

@: corroded
A: clumsy 1, dopey 1, fire resistance 1, low mp 1, negative energy resistance 1,
electricity resistance, unbreathing, petrification resistance, rot immunity, AC
+9
a: Minor Destruction, Lesser Servant of Makhleb, Major Destruction, Greater
Servant of Makhleb, Renounce Religion


You were in the Dungeon.
You worshipped Makhleb.
Makhleb was exalted by your worship.
You were not hungry.

You visited 1 branch

Inventory:

Hand Weapons
 z - the +6 shillelagh "Devastator" (weapon) {shatter}
   (You found it in the Dungeon)
Armour
 a - a +2 cloak of magic resistance (worn)
   (You found it in the Dungeon)
 l - a +0 pair of gloves of archery (worn)
   (You found it in the Dungeon)
 A - the +15 Maxwell's patent armour (worn) {-Cast -Tele rElec MR+ rCorr}
   (You found it in the Dungeon)

   It insulates you from electricity.
   It affects your resistance to hostile enchantments.
   It prevents spellcasting.
   It prevents most forms of teleportation.
   It protects you from acid and corrosion.
 B - the +18 shield of the Gong (worn) {rElec rN+ MR+ EV-5}
   (You found it in the Dungeon)

   It affects your evasion (-5).
   It insulates you from electricity.
   It protects you from negative energy.
   It affects your resistance to hostile enchantments.
Jewellery
 b - the ring of Hewustoi {rN+ MR++ Stlth-}
   (You found it in the Dungeon)

   [ring of positive energy]

   It protects you from negative energy.
   It affects your resistance to hostile enchantments.
   It makes you less stealthy.
 c - the ring "Wuklam" {rCorr rF- rC+ MR+}
   (You found it in the Dungeon)

   [ring of resist corrosion]

   It makes you vulnerable to fire.
   It protects you from cold.
   It affects your resistance to hostile enchantments.
 x - a +6 ring of strength (left hand)
   (You found it in the Dungeon)
 y - a +6 ring of strength (right hand)
   (You found it in the Dungeon)
Wands
 w - a wand of acid (5/15)
   (You found it in the Dungeon)
Scrolls
 k - 4 scrolls of blinking
 n - 2 scrolls of fear {!r}
 o - 7 scrolls of fog {!r}
 p - 3 scrolls of recharging
 q - 5 scrolls of remove curse
 r - 5 scrolls of identify
Potions
 d - 5 potions of might
 e - 10 potions of curing
 g - 10 potions of heal wounds
 h - 4 potions of haste
 i - 2 potions of magic
 j - 3 potions of berserk rage
 s - 5 potions of agility
 u - 2 potions of invisibility
 v - 2 potions of resistance
Comestibles
 f - a bread ration
 m - 42 fruits


   Skills:
 + Level 19.0 Fighting
 - Level 14.1 Maces & Flails
 + Level 17.7 Armour
 - Level 10.0 Dodging
 - Level 15.0 Shields
 + Level 14.9 Invocations


You had 12 spell levels left.
You didn't know any spells.

Dungeon Overview and Level Annotations

Branches:
Dungeon (1/1)

Altars:
Ashenzari
Cheibriados
Dithmenos
Elyvilon
Fedhas
Gozag
Hepliaklqana
Kikubaaqudgha
Makhleb
Nemelex Xobeh
Okawaru
Qazlal
Ru
Sif Muna
Trog
Uskayaw
Vehumet
Wu Jian
Xom
Yredelemnul
Zin
The Shining One
Beogh
Jiyva
Lugonu

Annotations:
D 1 transporter


Innate Abilities, Weirdness & Mutations

You are resistant to torment.
Your stone body is resilient. (AC +9)
You are immune to poison.
You resist negative energy. (rN+)
You are resistant to electric shocks. (rElec)
You can survive without breathing.
You are immune to petrification.
You are immune to rotting.
You are clumsy. (Dex -2)
You are dopey. (Int -2)
Your flesh is heat resistant. (rF+)
Your magical capacity is low. (-10% MP)


Message History

The entropy weaver mumbles some strange words. x2
The redback bites you but does no damage.
You block the demonic crawler's attack.
PANG!
You block the demonic crawler's attack.
PANG!
You block the demonic crawler's attack.
GONNNNG!
The entropy weaver hits you but does no damage. x3
The entropy weaver hits you.
The jumping spider leaps!
The hornet stings you but does no damage.
The demonic crawler hits you but does no damage. x3
You take 3 damage, and have 90/100 hp.
You block the hornet's attack.
BONNNG!
You block the emperor scorpion's attack.
BONNNG!
The emperor scorpion claws you but does no damage.
You block the emperor scorpion's attack.
GONNNNG!
The entropy weaver hits you but does no damage.
You block the entropy weaver's attack.
BONNNG!
The entropy weaver barely misses you. The entropy weaver closely misses you.
The orb spider begins to weave its threads into a brightly glowing ball.
You block the hornet's attack.
PTOANNNG!
You block the emperor scorpion's attack.
SHROANNG!
The emperor scorpion claws you but does no damage.
You block the emperor scorpion's attack.
GONNNNG!
The entropy weaver gestures wildly while chanting.
The entropic weave corrodes you!
You closely miss the jumping spider. You block the hornet's attack.
GONNNNG!
The jumping spider leaps!
You hit the hornet but do no damage. You block the hornet's attack.
GONNNNG!
You block the emperor scorpion's attack.
GONNNNG!
The emperor scorpion claws you but does no damage.
The emperor scorpion barely misses you. You block the hell hog's attack.
BOUMMMMG!
You sock the hornet!
There is a shattering impact!
The hornet stings you but does no damage.
The demonic crawler completely misses you.
You block the demonic crawler's attack.
GONNNNG!
You block the demonic crawler's attack.
PANG!
You block the emperor scorpion's attack.
BONNNG!
The emperor scorpion claws you!
You block the emperor scorpion's attack.
PTOANNNG!
You block the hell hog's attack.
SHROANNG!
You take 7 damage, and have 84/100 hp.
You hit the hornet but do no damage. You block the hornet's attack.
BOUMMMMG!
You block the demonic crawler's attack.
GONNNNG!
The demonic crawler hits you but does no damage.
You block the demonic crawler's attack.
GONNNNG!
You barely miss the demonic crawler.
The hell hog bites you but does no damage.
You block the hornet's attack.
BONNNG!
You block the hornet's attack.
GONNNNG!
You block the emperor scorpion's attack.
GONNNNG!
The emperor scorpion claws you but does no damage.
The emperor scorpion barely misses you.
The demonic crawler barely misses you. x3
You hit the demonic crawler but do no damage.
You block the hell hog's attack.
SHROANNG!
The entropy weaver casts a spell.
The entropic weave corrodes you! The hornet barely misses you.
You block the hornet's attack.
BOUMMMMG!
You hit the demonic crawler.
There is a shattering impact!
You block the demonic crawler's attack.
BOUMMMMG!
The demonic crawler hits you but does no damage.
You block the demonic crawler's attack.
BONNNG!
The emperor scorpion stings you but does no damage.
The emperor scorpion barely misses you.
You block the emperor scorpion's attack.
GONNNNG!
The hell hog bites you but does no damage.
You block the hornet's attack.
GONNNNG!
The hornet barely misses you.
The entropy weaver gestures wildly while chanting.
Quiver which item? (- for none, * to show all) (? for menu, Esc to quit)
Okay, then. ▓..▓.......▓..▓... ▓.▓▓▓.....▓▓ ▓▓▓▓ ▓..▓.......▓..▓... ▓.............▓..) ▓......©......▓..x ▓▓▓▓▓▓▓▓▓▓▓▓▓▓▓... ▓s..s.8©8... ▓... ▓ysss}%[[:[}[ ▓... ▓@yas:==}=|}.

▓... ▓hss.........
▓...
▓asys.........▓..▓
▓yss..........▓...
▓s............▓...
▓............ ▓▓▓▓
▓..▓.......▓ ▓...
▓.▓▓▓.....▓▓ ▓..|
▓..▓.......▓..▓..=


You could see an emperor scorpion, 2 entropy weavers, a hell hog, 4 demonic
crawlers, 2 wolf spiders, 2 orb spiders, 4 hornets, a jumping spider, 2
tarantellas and a redback.

Vanquished Creatures
  A lich (D)
  2 fire giants (D)
  An ironheart preserver (D)
  A vampire knight (D)
  2 very ugly things (D)
  2 mummy priests (D)
  A death ooze (D)
  4 fire dragons (D)
  A yaktaur captain (D)
  2 ogre magi (D)
  2 vault guards (D)
  A hell hog (D)
  An orc high priest (D)
  A vampire mage (D)
  A shock serpent (shapeshifter) (D)
  A skeletal warrior (D)
  A sea snake (shapeshifter) (D)
  An orc knight (D)
  2 necromancers (D)
  A shining eye (D)
  2 ugly things (D)
  A cyclops (D)
  8 draconians (D)
  2 black mambas (D)
  A naga mage (D)
  2 eyes of devastation (D)
  A freezing wraith (D)
  An efreet (D)
  2 yaktaurs (D)
  A troll (shapeshifter) (D)
  2 guardian mummies (D)
  2 jumping spiders (D)
  A slime creature (D)
  A redback (D)
  A redback (shapeshifter) (D)
  A fire elemental (D)
  A basilisk (shapeshifter) (D)
  A neqoxec (D)
  A golden eye (D)
  A hell hound (D)
  A floating eye (D)
  An orc warrior (D)
  2 water moccasins (D)
  A phantom (D)
  3 eyes of draining (D)
  A necrophage (D)
  3 ogres (D)
  4 scorpions (D)
  3 wights (D)
  A jelly (D)
  2 mummies (D)
  2 adders (D)
  2 oozes (D)
  A bat skeleton (D)
  A bat zombie (D)
  A ball python (D)
  A ball python skeleton (D)
  2 leopard gecko skeletons (D)
  A leopard gecko zombie (D)
  A quokka skeleton (D)
  A quokka zombie (D)
  2 fire vortices (D)
99 creatures vanquished.

Vanquished Creatures (others)
  Nessos (D)
  A vampire mage (D)
  Urug (D)
  Grinder (D)
  Blork the orc (D)
  A wight (D)
  Jessica (D)
  Ijyb (D)
8 creatures vanquished.

Grand Total: 107 creatures vanquished

Notes
Turn   | Place    | Note
-------+----------+-------------------------------------------
     0 | D        | Found the +6 Majin-Bo {vamp, Archmagi MP+6 Int+6}
     0 | D        | Found the +7 great mace "Firestarter" {inner flame, rF++}
     0 | D        | theanonym the Gargoyle Fighter began the quest for the Orb.
     0 | D        | Reached XP level 1. HP: 14/14 MP: 1/1
     3 | D        | Found a blossoming altar of Fedhas.
     4 | D        | Found a viscous altar of Jiyva.
     4 | D        | Found a hazy altar of Hepliaklqana.
     4 | D        | Found a transporter.
     4 | D        | Found an opulent altar of Gozag.
     4 | D        | Found an ancient bone altar of Kikubaaqudgha.
     4 | D        | Found a corrupted altar of Lugonu.
     7 | D        | Found a burning altar of Makhleb.
     8 | D        | Found a sacrificial altar of Ru.
     8 | D        | Found a stormy altar of Qazlal.
     8 | D        | Found a deep blue altar of Sif Muna.
     8 | D        | Found an iron altar of Okawaru.
     8 | D        | Found a bloodstained altar of Trog.
     8 | D        | Found a sparkling altar of Nemelex Xobeh.
    10 | D        | Killed Urug
    25 | D        | Found the +9 heavy crossbow "Sniper" {velocity, Acc+∞ SInv}
    25 | D        | Found the +10 dark maul {crush}
    25 | D        | Found the +15 Maxwell's patent armour {-Cast -Tele rElec MR+ rCorr}
    25 | D        | Found the +18 shield of the Gong {rElec rN+ MR+ EV-5}
    25 | D        | Found the cursed +14 obsidian axe {chop, +Fly SInv *Curse}
    26 | D        | Found the +6 shillelagh "Devastator" {shatter}
    26 | D        | Found the +11 plutonium sword {*Contam Stlth-}
    26 | D        | Found the +8 lance "Wyrmbane" {slay drac, rPois rF+ rC+ AC+3}
    26 | D        | Found the +9 sword of Zonguldrok {reap}
    26 | D        | Found the cursed +13 scythe of Curses {drain, *Curse}
    26 | D        | Found the +0 sword of Power
    26 | D        | Found the +1 mace of Variability {chaos}
    26 | D        | Found the +7 Singing Sword
    26 | D        | Found the +7 longbow "Piercer" {penet, EV-2}
    42 | D        | Killed Jessica
    52 | D        | Became a worshipper of Makhleb the Destroyer
    76 | D        | Reached skill level 8 in Fighting
    76 | D        | Reached XP level 2. HP: 26/26 MP: 2/2
    77 | D        | Entered arena 2.
    77 | D        | Noticed a jumping spider
    77 | D        | Noticed a scorpion
    77 | D        | Found a transporter.
    80 | D        | Killed a scorpion
    80 | D        | Reached skill level 9 in Fighting
    80 | D        | Reached skill level 3 in Maces & Flails
    80 | D        | Reached skill level 4 in Armour
    80 | D        | Reached skill level 4 in Shields
    80 | D        | Reached XP level 3. HP: 24/31 MP: 3/3
    83 | D        | Killed a jumping spider
    83 | D        | Reached skill level 10 in Fighting
    83 | D        | Reached skill level 5 in Maces & Flails
    83 | D        | Reached skill level 6 in Armour
    83 | D        | Reached skill level 6 in Shields
    83 | D        | Reached XP level 4. HP: 30/38 MP: 4/4
    83 | D        | Reached XP level 5. HP: 34/43 MP: 5/5
    83 | D        | Reached XP level 6. HP: 38/48 MP: 6/6
   123 | D        | Entered arena 3.
   123 | D        | Noticed a draconian
   123 | D        | Noticed a draconian
   123 | D        | Noticed a draconian
   123 | D        | Found a transporter.
   136 | D        | Killed a draconian
   136 | D        | Reached * piety under Makhleb
   136 | D        | Reached skill level 11 in Fighting
   136 | D        | Reached skill level 7 in Maces & Flails
   136 | D        | Reached skill level 8 in Armour
   136 | D        | Reached skill level 8 in Shields
   136 | D        | Reached skill level 4 in Invocations
   136 | D        | Reached XP level 7. HP: 54/54 MP: 6/10
   137 | D        | Killed a draconian
   137 | D        | Reached skill level 9 in Armour
   137 | D        | Reached skill level 9 in Shields
   137 | D        | Reached skill level 5 in Invocations
   137 | D        | Reached XP level 8. HP: 60/60 MP: 6/12
   142 | D        | Killed a draconian
   142 | D        | Reached skill level 12 in Fighting
   142 | D        | Reached skill level 8 in Maces & Flails
   147 | D        | Entered arena 4.
   147 | D        | Noticed a jumping spider
   147 | D        | Found a transporter.
   153 | D        | Reached ** piety under Makhleb
   155 | D        | Killed a jumping spider
   155 | D        | Reached skill level 9 in Maces & Flails
   155 | D        | Reached skill level 10 in Armour
   155 | D        | Reached skill level 10 in Shields
   155 | D        | Reached XP level 9. HP: 67/67 MP: 8/13
   161 | D        | Entered arena 5.
   161 | D        | Noticed a yaktaur
   161 | D        | Noticed an orc knight
   161 | D        | Noticed an ogre mage
   161 | D        | Found a transporter.
   164 | D        | Killed an ogre mage
   164 | D        | Reached *** piety under Makhleb
   164 | D        | Reached skill level 13 in Fighting
   164 | D        | Reached skill level 10 in Maces & Flails
   165 | D        | Killed a yaktaur
   165 | D        | Reached skill level 11 in Maces & Flails
   165 | D        | Reached skill level 11 in Armour
   165 | D        | Reached skill level 11 in Shields
   172 | D        | Killed an orc knight
   197 | D        | Entered arena 6.
   197 | D        | Noticed a draconian
   197 | D        | Noticed a draconian
   197 | D        | Noticed a draconian
   197 | D        | Noticed a draconian
   197 | D        | Noticed a draconian
   197 | D        | Found a transporter.
   211 | D        | Killed a draconian
   211 | D        | Reached **** piety under Makhleb
   211 | D        | Reached XP level 10. HP: 74/74 MP: 14/14
   215 | D        | Killed Ijyb
   216 | D        | Killed a draconian
   216 | D        | Reached skill level 12 in Maces & Flails
   217 | D        | Killed a draconian
   217 | D        | Reached skill level 14 in Fighting
   217 | D        | Reached skill level 12 in Armour
   217 | D        | Reached skill level 12 in Shields
   219 | D        | Killed a draconian
   223 | D        | Killed a draconian
   223 | D        | Reached ***** piety under Makhleb
   223 | D        | Reached skill level 13 in Maces & Flails
   229 | D        | Entered arena 7.
   230 | D        | Found a transporter.
   230 | D        | Killed Nessos
   255 | D        | Entered arena 8.
   255 | D        | Noticed a mummy priest
   255 | D        | Noticed a mummy priest
   258 | D        | Found a transporter.
   265 | D        | Reached ****** piety under Makhleb
   268 | D        | Noticed a phantasmal warrior
   268 | D        | Reached skill level 1 in Dodging
   268 | D        | Reached skill level 6 in Invocations
   269 | D        | Noticed an orange demon
   269 | D        | Noticed a rust devil
   271 | D        | Killed a mummy priest
   271 | D        | Reached skill level 2 in Dodging
   278 | D        | Killed a mummy priest
   278 | D        | Reached skill level 3 in Dodging
   278 | D        | Reached skill level 7 in Invocations
   278 | D        | Reached XP level 11. HP: 69/80 MP: 14/16
   283 | D        | Got the ring of Hewustoi {rN+ MR++ Stlth-}
   286 | D        | Entered arena 9.
   286 | D        | Noticed a yaktaur captain
   286 | D        | Noticed a fire dragon
   286 | D        | Noticed a vault guard
   286 | D        | Noticed a vault guard
   286 | D        | Noticed an ironheart preserver
   287 | D        | Found a transporter.
   293 | D        | Killed a vault guard
   293 | D        | Reached skill level 14 in Maces & Flails
   293 | D        | Reached skill level 13 in Armour
   293 | D        | Reached skill level 13 in Shields
   298 | D        | Killed an ironheart preserver
   298 | D        | Reached skill level 15 in Fighting
   298 | D        | Reached skill level 4 in Dodging
   298 | D        | Reached skill level 8 in Invocations
   299 | D        | Killed a yaktaur captain
   318 | D        | Killed a vault guard
   318 | D        | Reached skill level 5 in Dodging
   318 | D        | Reached skill level 9 in Invocations
   327 | D        | Killed a fire dragon
   334 | D        | Entered arena 10.
   335 | D        | Found a transporter.
   339 | D        | Reached skill level 14 in Armour
   339 | D        | Reached skill level 14 in Shields
   352 | D        | Got the ring "Wuklam" {rCorr rF- rC+ MR+}
   354 | D        | Entered arena 11.
   355 | D        | Found a transporter.
   357 | D        | Paralysed by a floating eye for 3 turns
   362 | D        | Reached skill level 6 in Dodging
   362 | D        | Reached XP level 12. HP: 66/88 MP: 0/19
   365 | D        | Reached skill level 10 in Invocations
   376 | D        | Reached skill level 16 in Fighting
   394 | D        | Entered arena 12.
   394 | D        | Noticed a brown very ugly thing
   394 | D        | Noticed a shock serpent
   394 | D        | a manticore changed into a shock serpent
   395 | D        | Noticed a green very ugly thing
   396 | D        | Noticed a shock serpent
   396 | D        | Found a transporter.
   396 | D        | a shock serpent changed into a lindwurm
   400 | D        | a shock serpent changed into a slime creature
   401 | D        | Killed a brown very ugly thing
   406 | D        | Reached skill level 7 in Dodging
   406 | D        | Noticed a shock serpent
   406 | D        | a slime creature changed into a shock serpent
   409 | D        | Killed a shock serpent
   409 | D        | Reached skill level 11 in Invocations
   410 | D        | Gained mutation: Your flesh is heat resistant. (rF+) [a shining eye]
   413 | D        | Gained mutation: You are dopey. (Int -2) [a shining eye]
   414 | D        | Reached skill level 15 in Armour
   414 | D        | Reached skill level 15 in Shields
   418 | D        | Killed a green very ugly thing
   430 | D        | Entered arena 13.
   430 | D        | Noticed a hell hog
   430 | D        | Noticed a fire giant
   431 | D        | Noticed a fire dragon
   431 | D        | Noticed a fire dragon
   431 | D        | Noticed a fire giant
   433 | D        | Noticed a fire dragon
   434 | D        | Found a transporter.
   441 | D        | Killed a fire giant
   441 | D        | Reached skill level 17 in Fighting
   441 | D        | Reached skill level 8 in Dodging
   441 | D        | Reached skill level 12 in Invocations
   442 | D        | Killed a hell hog
   443 | D        | Killed a fire giant
   449 | D        | Killed a fire dragon
   449 | D        | Reached skill level 16 in Armour
   449 | D        | Reached skill level 9 in Dodging
   449 | D        | Reached XP level 13. HP: 96/96 MP: 9/22
   460 | D        | Killed a fire dragon
   461 | D        | Killed Blork the orc
   467 | D        | Killed a fire dragon
   467 | D        | Reached skill level 13 in Invocations
   495 | D        | Entered arena 14.
   496 | D        | Noticed a cacodemon
   499 | D        | Found a transporter.
   507 | D        | Entered arena 15.
   508 | D        | Noticed an acid blob
   508 | D        | Noticed a death ooze
   509 | D        | Found the +3 Elemental Staff {rElec rF++ rC++ MR++ AC+5}
   509 | D        | Noticed a death ooze
   510 | D        | Found a transporter.
   525 | D        | Killed a death ooze
   525 | D        | Killed Grinder
   528 | D        | Entered arena 16.
   531 | D        | Found a transporter.
   537 | D        | Reached skill level 18 in Fighting
   552 | D        | Entered arena 17.
   556 | D        | Noticed a vampire knight
   556 | D        | Noticed a lich
   558 | D        | Found a transporter.
   571 | D        | Reached skill level 10 in Dodging
   577 | D        | Reached skill level 17 in Armour
   578 | D        | Killed a vampire knight
   578 | D        | Reached skill level 14 in Invocations
   582 | D        | Gained mutation: Your magical capacity is low. (-10% MP) [a neqoxec]
   583 | D        | Gained mutation: You are clumsy. (Dex -2) [a neqoxec]
   585 | D        | Killed a lich
   588 | D        | Reached skill level 19 in Fighting
   591 | D        | Entered arena 18.
   595 | D        | Noticed a reaper
   597 | D        | Found a transporter.
   614 | D        | Entered arena 19.
   617 | D        | Noticed an emperor scorpion
   618 | D        | Noticed an entropy weaver
   618 | D        | Noticed an entropy weaver
   619 | D        | Found a transporter.
   637 | D        | Quit the game

Vault maps used:
D:        sprint_v

Skill      XL: |  1  2  3  4  5  6  7  8  9 10 11 12 13 |
---------------+----------------------------------------+-----
Fighting       | 8 9 10 11 12 13 14 15 17 19 | 19.0
Maces & Flails | 3 5 7 9 11 13 14 | 14.1
Armour         | 4 6 8 9 10 11 12 14 16 17 | 17.7
Shields        | 4 6 8 9 10 11 12 14 15 | 15.0
Invocations    | 4 5 7 9 12 14 | 14.9
Dodging        | 3 6 9 10 | 10.0

Action                   |  1- 3 |  4- 6 |  7- 9 | 10-12 | 13-15 || total
-------------------------+-------+-------+-------+-------+-------++-------
Melee: Shillelagh        |     5 |    11 |    32 |   146 |    84 ||   278
  Use: Potion            |     2 |       |       |     4 |       ||     6
Armor: Plate armour      |     6 |     9 |     9 |    57 |   105 ||   186
Dodge: Dodged            |       |       |     2 |    16 |    56 ||    74
Block: Shield            |    12 |    18 |    47 |   152 |   270 ||   499

Table legend:
 A = Spawn XP
 B = Non-spawn XP
 C = Spawn XP percentage of total XP
 D = Spawn monster count
 E = Non-spawn monster count
 F = Spawn count percentage of total count
 G = Total turns spent on level
                    A         B        C        D         E        F      G
               +---------+---------+-------+---------+---------+-------+---------
         Total |       0 |   47127 |   0.0 |       0 |      99 |   0.0 |   637
               +---------+---------+-------+---------+---------+-------+---------
             D |       0 |   47127 |   0.0 |       0 |      99 |   0.0 |   637
               +---------+---------+-------+---------+---------+-------+---------
